 Dungeon Crawl Stone Soup version 0.18.1-48-g4cf74bf (webtiles) character file.

8943 Inkary the Fighter (level 11, -12/72 HPs)
             Began as a Gargoyle Fighter on July 29, 2016.
             Was a High Priest of Okawaru.
             Killed by divine providence
             ... invoked by an orc priest
              (20 damage)
             ... on level 10 of the Dungeon.
             The game lasted 00:21:06 (8739 turns).

Inkary the Fighter (Gargoyle Fighter)               Turns: 8739, Time: 00:21:06

Health: -12/72     AC: 32    Str: 24    XL:     11   Next: 38%
Magic:  9/14       EV: 12    Int: 10    God:    Okawaru [*****.]
Gold:   309        SH:  0    Dex: 11    Spells: 0 memorised, 10 levels left

rFire  x . .     SeeInvis .     a - +2 flail (protect)
rCold  + + +     Gourm    .     E - +0 ice dragon armour
rNeg   + . .     Faith    .     K - +0 buckler
rPois  ∞         Spirit   .     t - +0 helmet
rElec  +         Dismiss  .     i - +0 cloak
rCorr  .         Reflect  .     (no gloves)
SustAt .         Harm     +     c - +0 pair of boots
MR     .....                    H - amulet of harm
Stlth  +.........               k - ring of stealth
                                R - ring of protection from cold

@: confused, heroism, finesse, not resistant to hostile enchantments, very
unstealthy
A: clever 1, cold resistance 1, negative energy resistance 1, electricity
resistance, strong 1, unbreathing, petrification resistance, rot immunity,
MP-powered wands, AC +7
a: Heroism, Finesse, Renounce Religion


You were on level 10 of the Dungeon.
You worshipped Okawaru.
Okawaru was extremely pleased with you.
You were hungry.

You visited 1 branch of the dungeon, and saw 10 of its levels.
You also visited: Ossuary.

You collected 529 gold pieces.
You spent 220 gold pieces at shops.

Inventory:

Hand Weapons
 a - a +2 flail of protection (weapon)
 d - a +2 flail of holy wrath
Missiles
 v - 5 poisoned tomahawks (quivered)
Armour
 c - a +0 pair of boots (worn)
 i - a +0 cloak (worn)
 t - a +0 helmet (worn)
 E - a +0 ice dragon armour (worn)
 K - a +0 buckler (worn)
Jewellery
 k - a ring of stealth (right hand)
 H - an amulet of harm (around neck)
 P - an uncursed ring of poison resistance {unknown}
 R - a ring of protection from cold (left hand)
Wands
 A - a wand of digging (6/24)
 L - a wand of digging (3/24)
 T - a wand of confusion (26/48)
Scrolls
 b - 2 scrolls of amnesia {unknown}
 l - 3 scrolls of blinking {unknown}
 n - 3 scrolls of fear {unknown}
 p - a scroll of enchant armour {unknown}
 y - 5 scrolls of recharging {unknown}
 B - 5 scrolls of noise
 C - 4 scrolls of teleportation
 D - 8 scrolls of remove curse
 I - 3 scrolls of immolation {unknown}
 M - 2 scrolls of magic mapping {unknown}
 N - a scroll of silence {unknown}
 Z - 2 scrolls of fog {unknown}
Potions
 e - 2 potions of heal wounds
 j - 7 potions of degeneration
 m - a potion of brilliance
 q - 7 potions of curing
 s - 3 potions of agility
 w - 3 potions of flight
 x - a potion of resistance
 z - 2 potions of magic
 F - 3 potions of cure mutation
 G - 2 potions of haste
 O - 2 potions of lignification {unknown}
 Q - a potion of mutation
 W - 2 potions of might
 X - 2 potions of ambrosia
Miscellaneous
 V - a box of beasts
Comestibles
 f - 9 bread rations
 g - 2 royal jellies
 h - 4 slices of pizza
 o - 2 beef jerkies
 r - 3 meat rations
 u - 2 fruits


   Skills:
 + Level 10.1(15.1) Fighting
 + Level 8.4(13.4) Maces & Flails
 + Level 9.8(14.8) Armour
 - Level 8.8(13.8) Shields
 - Level 4.1 Invocations
 - Level 4.0 Evocations


You had 10 spell levels left.
You didn't know any spells.

Dungeon Overview and Level Annotations

Branches:
Dungeon (10/15)            Temple (0/1) D:4            Lair (0/8) D:8
    Orc (0/2) D:9

Altars:
Cheibriados
Dithmenos
Elyvilon
Fedhas
Gozag
Makhleb
Nemelex Xobeh
Okawaru
Pakellas
Qazlal
Ru
Trog
Vehumet
Xom
Zin

Shops:
D:6 }   D:9 :


Innate Abilities, Weirdness & Mutations

You are resistant to torment.
Your stone body is resilient (AC +7).
You are immune to poison.
You resist negative energy.
You are resistant to electric shocks.
You can survive without breathing.
You are immune to petrification.
You are immune to rotting.
Your mind is acute. (Int +2)
Your flesh is cold resistant.
Your muscles are strong. (Str +2)
You expend magic power (3 MP) to strengthen your wands.


Message History

The orc priest calls down the wrath of Beogh upon you.
Beogh smites you!
You sock the orc priest!
You kill the orc priest!
Okawaru accepts your kill.
You hit the soldier ant but do no damage.
You closely miss the soldier ant. The soldier ant stings you.
You closely miss the soldier ant. The orc wizard casts a spell at you.
You are confused.
You are too confused!
You are too confused!
The orc priest calls down the wrath of Beogh upon you.
Beogh smites you!
* * * LOW HITPOINT WARNING * * *
The wyvern bites you!
* * * LOW HITPOINT WARNING * * *
The orc priest mumbles some strange prayers to Beogh against you.
Beogh smites you!
You die...

#####..........#
#####......#
#...>..#
#......#
#####.### #...#
#####.###
#.......#
##.....@.#
>.......l.#
.##....o.a#
#..<..oo#
#.......#
#...o...#
#.......#
#.......#
#.......#


You could see a soldier ant, a wyvern, an orc priest, an orc wizard and 2 orcs.

Vanquished Creatures
  Urug (D:10)
  Nergalle (D:10)
  A hill giant (D:8)
  Pikel (D:6)
  A centaur skeleton (D:9)
  A two-headed ogre (D:8)
  Prince Ribbit (D:5)
  A spriggan (D:8)
  3 yaks (D:9)
  A wyvern (D:9)
  2 hippogriffs
  A hungry ghost (D:7)
  Menkaure (D:4)
  Edmund (D:4)
  2 hell hounds (D:8)
  Duvessa (D:4)
  An ice beast (D:7)
  A black bear (D:9)
  2 orc warriors
  3 phantoms
  3 sky beasts (D:7)
  2 ogres
  6 centaurs
  The ghost of WarriorsX the Grave Robber, an amateur HuNe (D:3)
  An elf zombie (Ossuary)
  A big kobold (D:9)
  Blork the orc (D:6)
  4 giant frogs
  Dowan (D:4)
  A water moccasin skeleton (D:6)
  5 killer bees (D:8)
  6 scorpions
  3 crimson imps
  2 giant frog zombies
  A quasit (D:10)
  A human zombie (Ossuary)
  9 hounds
  2 jellies
  7 orc priests
  Crazy Yiuf (D:4)
  A gnoll shaman (D:7)
  16 orc wizards
  4 iguanas
  4 worker ants
  A hound zombie (Ossuary)
  4 mummies (Ossuary)
  2 worker ant zombies
  Robin (D:2)
  7 gnolls
  13 adders
  2 shadow imps
  2 oozes (D:3)
  3 adder zombies
  2 adder skeletons
  4 worms
  A dart slug (D:4)
  4 giant geckos
  40 orcs
  A ball python (D:1)
  7 bats
  2 giant cockroaches
  17 goblins
  15 hobgoblins
  3 jackals (D:7)
  2 quokkas
  A ball python skeleton (D:5)
  4 giant newts
  A gnoll zombie (Ossuary)
  A goblin zombie (Ossuary)
  3 hobgoblin zombies (Ossuary)
  A jackal zombie (D:5)
  8 kobolds
  A kobold zombie (Ossuary)
  An orc zombie (Ossuary)
  A quokka skeleton (D:9)
  A quokka zombie (D:7)
  7 rats
  A rat zombie (Ossuary)
274 creatures vanquished.

Notes
Turn   | Place    | Note
--------------------------------------------------------------
     0 | D:1      | Inkary the Gargoyle Fighter began the quest for the Orb.
     0 | D:1      | Reached XP level 1. HP: 14/14 MP: 1/1
   360 | D:1      | Reached XP level 2. HP: 19/19 MP: 2/2
   581 | D:2      | Reached XP level 3. HP: 23/24 MP: 3/3
   858 | D:2      | Reached XP level 4. HP: 10/29 MP: 4/4
   862 | D:2      | Reached skill level 4 in Fighting
  1328 | D:2      | Noticed Robin
  1375 | D:2      | Killed Robin
  1375 | D:2      | Reached XP level 5. HP: 2/34 MP: 5/5
  1767 | D:2      | Found an iron altar of Okawaru.
  1771 | D:2      | Became a worshipper of Warmaster Okawaru
  1955 | D:3      | Noticed WarriorsX's ghost (amateur HuNe)
  1965 | D:3      | Killed WarriorsX's ghost
  1968 | D:3      | Reached XP level 6. HP: 39/39 MP: 6/6
  2061 | D:3      | You fall through a shaft!
  2220 | D:3      | Found a shimmering altar of Xom.
  2532 | D:4      | Noticed Edmund
  2542 | D:4      | Killed Edmund
  2542 | D:4      | Reached skill level 5 in Fighting
  2542 | D:4      | Reached skill level 5 in Shields
  2556 | D:4      | Found a sand-covered staircase.
  2562 | Ossuary  | Entered an ossuary
  2565 | Ossuary  | Reached skill level 5 in Armour
  2570 | Ossuary  | Reached * piety under Okawaru
  2570 | Ossuary  | Reached XP level 7. HP: 35/44 MP: 7/7
  2866 | D:4      | Found a staircase to the Ecumenical Temple.
  2879 | D:4      | Found a stormy altar of Qazlal.
  2888 | D:4      | Noticed Duvessa
  2890 | D:4      | Noticed Dowan
  2904 | D:4      | Killed Duvessa
  2930 | D:4      | Killed Dowan
  3017 | D:4      | Found a sacrificial altar of Ru.
  3026 | D:4      | Reached ** piety under Okawaru
  3102 | D:4      | Reached XP level 8. HP: 51/51 MP: 8/8
  3112 | D:4      | Noticed Menkaure
  3118 | D:4      | Killed Menkaure
  3118 | D:4      | Reached skill level 6 in Fighting
  3154 | D:4      | Found a bloodstained altar of Trog.
  3423 | D:4      | Noticed Crazy Yiuf
  3430 | D:4      | Killed Crazy Yiuf
  3430 | D:4      | Reached skill level 5 in Maces & Flails
  3541 | D:5      | Entered Level 5 of the Dungeon
  3616 | D:5      | Noticed Prince Ribbit
  4356 | D:5      | Found a burning altar of Makhleb.
  4428 | D:5      | Killed Prince Ribbit
  4594 | D:5      | Reached skill level 7 in Fighting
  4705 | D:6      | Reached *** piety under Okawaru
  4782 | D:6      | Reached XP level 9. HP: 57/57 MP: 9/9
  4912 | D:6      | Found an opulent altar of Gozag.
  5079 | D:6      | Noticed Blork the orc
  5089 | D:6      | Killed Blork the orc
  5140 | D:6      | Noticed Pikel
  5153 | D:6      | Killed Pikel
  5153 | D:6      | Received a gift from Okawaru
  5241 | D:6      | Found a snail-covered altar of Cheibriados.
  5264 | D:6      | Found Ytruax Juda's Gadget Boutique.
  5273 | D:6      | Bought a box of beasts for 220 gold pieces
  5518 | D:7      | Reached skill level 1 in Invocations
  5527 | D:7      | Reached **** piety under Okawaru
  5603 | D:7      | Reached skill level 8 in Fighting
  5603 | D:7      | Reached skill level 1 in Evocations
  5652 | D:7      | Gained mutation: Your mind is acute. (Int +2) [mutagenic meat]
  5653 | D:7      | Gained mutation: Your flesh is cold resistant. [mutagenic meat]
  5654 | D:7      | Gained mutation: You expend magic power (3 MP) to strengthen your wands. [mutagenic meat]
  5656 | D:7      | Gained mutation: Your muscles are strong. (Str +2) [mutagenic meat]
  6101 | D:7      | Reached XP level 10. HP: 61/64 MP: 11/11
  6326 | D:8      | Found a blossoming altar of Fedhas.
  6708 | D:8      | Found a glowing silver altar of Zin.
  6837 | D:8      | Found a shadowy altar of Dithmenos.
  6844 | D:8      | Found a sparkling altar of Nemelex Xobeh.
  6846 | D:8      | Found a white marble altar of Elyvilon.
  6846 | D:8      | Found a radiant altar of Vehumet.
  7105 | D:8      | Noticed a hill giant
  7123 | D:8      | Killed a hill giant
  7123 | D:8      | Reached ***** piety under Okawaru
  7214 | D:8      | Found a staircase to the Lair.
  7469 | D:9      | Reached skill level 9 in Fighting
  7701 | D:9      | Found a snail-covered altar of Cheibriados.
  7835 | D:9      | Reached XP level 11. HP: 71/71 MP: 14/14
  7841 | D:9      | Found an oddly glowing altar of Pakellas.
  8184 | D:9      | Found a staircase to the Orcish Mines.
  8319 | D:9      | Found Ofudoceps's Book Shop.
  8338 | D:10     | Entered Level 10 of the Dungeon
  8449 | D:10     | Noticed Nergalle
  8473 | D:10     | Killed Nergalle
  8639 | D:10     | Noticed Urug
  8661 | D:10     | Killed Urug
  8661 | D:10     | Reached skill level 10 in Fighting
  8739 | D:10     | Killed from afar by an orc priest

Skill      XL: |  1  2  3  4  5  6  7  8  9 10 11 |
---------------+----------------------------------+-----
Fighting       | 4 5 7 8 9 10 | 10.1
Shields        | 4 5 6 8 |  8.8
Armour         | 4 5 6 8 9 |  9.8
Maces & Flails | 3 4 5 6 7 8 |  8.4
Invocations    | 2 4 |  4.1
Evocations     | 1 4 |  4.0

Action                   |  1- 3 |  4- 6 |  7- 9 | 10-12 || total
-------------------------+-------+-------+-------+-------++-------
Melee: Flail             |    82 |   226 |   256 |   352 ||   916
       Whip              |       |       |   141 |   134 ||   275
Throw: Tomahawk          |       |       |     4 |     2 ||     6
Invok: Heroism           |       |       |     3 |     8 ||    11
       Finesse           |       |       |       |     3 ||     3
Evoke: Wand              |       |       |     1 |       ||     1
  Use: Potion            |       |     2 |       |     1 ||     3
       Scroll            |       |       |    11 |     7 ||    18
  Eat: Chunk             |       |     6 |    18 |     9 ||    33
       Fruit             |       |       |     1 |       ||     1
Armor: Scale mail        |    31 |   117 |       |       ||   148
       Ice dragon armour |       |    31 |   235 |   248 ||   514
Dodge: Dodged            |    20 |    78 |   151 |   170 ||   419
Block: Shield            |    32 |   176 |    89 |       ||   297
       Buckler           |       |       |    51 |   113 ||   164
